 Dungeon Crawl Stone Soup version 0.32-a0-918-g0f22ef8d61 (webtiles) character file.

Game seed: 11228724400060142899

1262 bigduke15 the Covered (level 8, 0/71 HPs)
             Began as a Mountain Dwarf Fighter on Apr 12, 2024.
             Slain by an iguana (8 damage)
             ... on level 5 of the Dungeon.
             The game lasted 00:11:36 (5754 turns).

bigduke15 the Covered (Mountain Dwarf Fighter)      Turns: 5754, Time: 00:11:37

Health: 0/71       AC: 16    Str: 22    XL:     8   Next: 27%
Magic:  8/8        EV:  7    Int:  8    God:
Gold:   295        SH:  4    Dex:  9    Spells: 7/7 levels left

rFire   + . .        a - +1 war axe
rCold   . . .        c - +0 buckler
rNeg    . . .        k - +0 chain mail
rPois   .            (no helmet)
rElec   .            e - +0 cloak
rCorr   .            (no gloves)
SInv    .            A - +0 pair of boots
Will    .....        (no amulet) Stlth
                     r - +4 ring of protection
HPRegen 0.31/turn    l - ring of protection from fire
MPRegen 0.11/turn

%: no passive effects
@: lethally poisoned (0 -> -30)
A: runic magic, artefact enchanting
a: no special abilities


You were on level 5 of the Dungeon.
You visited 1 branch of the dungeon, and saw 6 of its levels.

You collected 295 gold pieces.

Inventory:

Hand Weapons
 a - a +1 war axe (weapon)
Missiles
 j - 8 boomerangs (quivered)
 m - 3 poisoned darts
 n - 6 javelins
 y - 6 silver javelins
 z - a throwing net
Armour
 c - a +0 buckler (worn)
 e - a +0 cloak (worn)
 k - a +0 chain mail (worn)
 A - a +0 pair of boots (worn)
Jewellery
 l - a ring of protection from fire (right hand)
 q - an amulet of magic regeneration
 r - a +4 ring of protection (left hand)
 t - a ring of ice
 x - a ring of ice
Wands
 b - a wand of flame (48)
Scrolls
 f - a scroll of immolation
 g - a scroll of torment
 h - a scroll of revelation
 s - a scroll of noise
Potions
 d - a potion of magic {unknown}
 i - 2 potions of attraction {unknown}
 o - a potion of brilliance {unknown}
 p - 2 potions of resistance
 u - 2 potions of mutation {unknown}
 w - a potion of cancellation {unknown}


   Skills:
 + Level 6.3 Fighting
 + Level 6.4 Axes
 + Level 6.4 Armour
 + Level 6.3 Shields


You had 7 spell levels left.
You didn't know any spells.
Your spell library contained the following spells:

 Spells                   Type           Power      Damage    Failure   Level
 Stone Arrow              Conj/Erth      0%         3d7       94%         3
 Animate Armour           Summ/Erth      0%         N/A       100%        4
 Lehudib's Crystal Spear  Conj/Erth      0%         10d2      100%        8


Dungeon Overview and Level Annotations

Branches:
Dungeon (6/15)
 Temple: D:4-7

Altars:
Elyvilon
Hepliaklqana
Trog
Zin
The Shining One

Shops:
D:3 [


Innate Abilities, Weirdness & Mutations

Your spellcasting is much less encumbered by armour.
You can use scrolls of enchantment on lesser artefacts.


Message History

Unknown command.
Unknown command.
You are too injured to fight recklessly!
Unknown command.
You are too injured to fight recklessly!
Unknown command.
Unknown command.
You are too injured to fight recklessly!
Unknown command.
You are too injured to fight recklessly!
You are too injured to fight recklessly!
You feel very sick.
The iguana bites you but does no damage.
The water moccasin barely misses you.
You climb upwards.
You feel very sick.
There is a stone staircase leading down here.
You are too injured to fight recklessly!
You miss the water moccasin.
The water moccasin is severely wounded.
You hit the iguana but do no damage.
You feel very sick. The water moccasin bites you!
* * * LOW HITPOINT WARNING * * *
You are lethally poisoned!
The water moccasin poisons you!
The iguana bites you but does no damage.
You block the water moccasin's attack. The iguana closely misses you.
Unknown command.
Okay, then.
You slash the water moccasin!
The water moccasin is almost dead.
You hit the iguana.
* * * LOW HITPOINT WARNING * * *
You feel very sick. The water moccasin bites you.
* * * LOW HITPOINT WARNING * * *
You are more poisoned.
The water moccasin poisons you! The iguana bites you!
You die...

.##...............# #..##
##....
....##............###...#
##...
..####............##...##
##.. .##
#.......#....##...# ##.
## ##...........#....# ##
# ##..........#....# ####
# ######.....#....#
#..###
##...S....######....#
##.@..........#.....
#l.................
####..###.###.........
#..#..# ### #####.....
#...#.# #..... #...#.#
##.... #.###.# #.... ###
#.# ##... #.# ### ##..


You could see a water moccasin and an iguana.

Vanquished Creatures
  Sigmund (D:5)
  Menkaure (D:5)
  Duvessa (D:4)
  A black bear (D:4)
  An ice beast (D:5)
  2 scorpions (D:5)
  Dowan (D:4)
  2 bombardier beetles
  3 hounds
  An orc priest (D:3)
  A gnoll bouda (D:4)
  An orc wizard (D:3)
  3 iguanas (D:4)
  4 adders
  7 gnolls
  A white imp (D:6)
  4 ufetubi (D:5)
  2 dart slugs (D:2)
  A ribbon worm (D:2)
  5 orcs (D:3)
  4 ball pythons
  4 endoplasms
  7 giant cockroaches
  6 goblins
  7 hobgoblins
  6 jackals
  10 kobolds
  5 quokkas
  6 bats
  A rat (D:1)
99 creatures vanquished.

Notes
Turn   | Place    | Note
-------+----------+-------------------------------------------
     0 | D:1      | bigduke15 the Mountain Dwarf Fighter began the quest for
                  | the Orb.
     0 | D:1      | Reached XP level 1. HP: 19/19 MP: 1/1
   106 | D:1      | Reached XP level 2. HP: 19/26 MP: 2/2
   187 | D:1      | Found a faded altar of an unknown god.
   845 | D:2      | Reached XP level 3. HP: 31/33 MP: 3/3
  1111 | D:2      | Identified the +7 dagger of the Mushroom {flame, rPois
                  | Str+3}
  2374 | D:3      | Found Gopupp's Armour Shoppe.
  2498 | D:3      | Found a glowing golden altar of the Shining One.
  2503 | D:3      | Reached XP level 4. HP: 40/40 MP: 4/4
  2734 | D:3      | Found a hazy altar of Hepliaklqana.
  2735 | D:3      | Found a glowing silver altar of Zin.
  2982 | D:4      | Noticed a black bear
  2993 | D:4      | Killed a black bear
  2994 | D:4      | Reached XP level 5. HP: 37/47 MP: 5/5
  2998 | D:4      | Reached XP level 6. HP: 36/53 MP: 6/6
  3099 | D:4      | Found a white marble altar of Elyvilon.
  3273 | D:4      | Reached skill level 5 in Armour
  3360 | D:4      | Reached skill level 5 in Fighting
  3360 | D:4      | Reached skill level 5 in Shields
  3990 | D:5      | Entered Level 5 of the Dungeon
  4001 | D:5      | Reached skill level 5 in Axes
  4001 | D:5      | Reached XP level 7. HP: 57/61 MP: 7/7
  4035 | D:5      | Noticed Menkaure
  4351 | D:5      | Killed Menkaure
  4642 | D:5      | Noticed Sigmund
  4688 | D:5      | Noticed Duvessa
  4689 | D:5      | Noticed Dowan
  4893 | D:4      | Killed Dowan
  4914 | D:4      | HP: 3/62 [Duvessa/+0 short sword (2)]
  4916 | D:4      | Killed Duvessa
  4917 | D:4      | Reached XP level 8. HP: 26/70 MP: 8/8
  5254 | D:5      | Found a bloodstained altar of Trog.
  5517 | D:5      | Killed Sigmund
  5754 | D:5      | Slain by an iguana

Illustrated notes

Levels and vault maps discovered:
D:1:      psy_arrival_statuary, layout_loops_ring,
          chequers_ecumenical_altar_island, chequers_mini_garden,
          chequers_serial_rivers_micro_b
D:2:      layout_loops_corners, minmay_vboxes
D:3:      layout_rooms, nicolae_tso_carved_into_rock,
          gammafunk_temple_overflow_statue, serial_shops, nicolae_shop_scrapyard
D:4:      layout_basic, mainiacjoe_overflow_paths
D:5:      layout_cave_pods, lightli_temple_of_fire, uniq_duvessa, uniq_menkaure,
          uniq_sigmund
D:6:      layout_cave_pools, marbit_many_paths, serial_shops,
          nicolae_shop_bloodbath_and_beyond

Skill      XL: |  1  2  3  4  5  6  7 |
---------------+----------------------+-----
Axes           | 3 4 5 6 |  6.4
Armour         | 4 5 6 |  6.4
Fighting       | 4 5 6 |  6.3
Shields        | 4 5 6 |  6.3

Action                     |  1- 3 |  4- 6 |  7- 9 || total
---------------------------+-------+-------+-------++-------
  Melee: War axe           |   113 |   126 |   105 ||   344
  Throw: Boomerang         |     1 |       |       ||     1
    Use: Scroll            |     6 |     2 |     3 ||    11
         Potion            |       |     3 |     4 ||     7
 Armour: Scale mail        |    31 |       |       ||    31
         Chain mail        |    85 |   141 |   139 ||   365
  Dodge: Dodged            |    40 |    47 |    53 ||   140
  Block: Buckler           |    24 |    28 |    44 ||    96

Table legend: (Time is in decaauts)
 A = Elapsed time spent in this place.
 B = Non-inter-level travel time spent in this place.
 C = Inter-level travel time spent in this place.
 D = Time resting spent in this place.
 E = Time spent auto-exploring this place.
 F = Levels seen in this place.
 G = Mean time per level.
                   A        B        C        D        E       F      G
               +--------+--------+--------+--------+--------+-----+--------+
         Total |   5880 |   5302 |    578 |   1111 |   3257 |   6 |  980.0 |
       Dungeon |   5880 |   5302 |    578 |   1111 |   3257 |   6 |  980.0 |
               +--------+--------+--------+--------+--------+-----+--------+

Top non-repeatable levels by time:
     D:4: 1888 daAuts
     D:2: 1528 daAuts
     D:5: 1064 daAuts
     D:1: 770 daAuts
     D:3: 609 daAuts
     D:6: 18 daAuts
